 Dungeon Crawl Stone Soup version 0.28-a0-556-gab23d0e057 (webtiles) character file.

Game seed: 15606896328978817396

48 bande the Skirmisher (level 3, 0/24 HPs)
             Began as a Gargoyle Fighter on Sept 29, 2021.
             Slain by Robin (4 damage)
             ... on level 2 of the Dungeon.
             The game lasted 00:01:18 (1426 turns).

bande the Skirmisher (Gargoyle Fighter)             Turns: 1426, Time: 00:01:19

Health: 0/24       AC: 10    Str: 20    XL:     3   Next: 72%
Magic:  3/3        EV:  9    Int:  8    God:
Gold:   43         SH:  4    Dex:  9    Spells: 2/2 levels left

rFire   . . .      SeeInvis .   a - +0 war axe
rCold   . . .      Faith    .   c - +0 buckler
rNeg    + . .      Spirit   .   b - +0 scale mail
rPois   ∞          Reflect  .   (no helmet)
rElec   +          Harm     .   (no cloak)
rCorr   .          Rampage  .   (no gloves)
Will    .....                   (no boots)
Stlth   ..........              (no amulet)
HPRegen 0.08/turn               (no ring)
MPRegen 0.08/turn               (no ring)

@: no status effects
A: sickness immunity, AC +3, negative energy resistance 1, electricity
resistance, torment resistance 1, petrification resistance
a: no special abilities


You were on level 2 of the Dungeon.
You visited 1 branch of the dungeon, and saw 2 of its levels.

You collected 43 gold pieces.

Inventory:

Hand Weapons
 a - a +0 war axe (weapon)
Armour
 b - a +0 scale mail (worn)
 c - a +0 buckler (worn)
Potions
 d - a potion of might
 g - 3 potions of heal wounds


   Skills:
 + Level 3.8 Fighting
 + Level 2.3 Axes
 + Level 3.8 Armour
 + Level 3.6 Shields


You had 2 spell levels left.
You didn't know any spells.
Your spell library was empty.

Dungeon Overview and Level Annotations

Branches:
Dungeon (2/15)

Altars:

Annotations:
D:2 Robin


Innate Abilities, Weirdness & Mutations

You are immune to sickness and miasma.
Your stone body is resilient. (AC +3)
You are immune to poison.
You resist negative energy. (rN+)
You are resistant to electric shocks. (rElec)
You are resistant to unholy torment.
You are immune to petrification.


Message History

You kill the goblin!
The goblin hits you but does no damage. You block the goblin's attack.
Robin throws the goblin at you! The goblin hits you but does no damage.
Unknown command.
You slash the goblin!
You kill the goblin!
You hit Robin but do no damage. You hit the goblin but do no damage.
Robin hits you but does no damage. x2; The goblin closely misses you.
Robin hits you but does no damage. Robin throws the goblin at you!
The goblin hits you but does no damage.
Items here: ( )))).
Unknown command.
The goblin hits you but does no damage.
Unknown command.
You barely miss the goblin. You hit Robin. You block Robin's attack.
Robin flexes a bicep menacingly.
You block Robin's attack. The goblin misses you. Robin barely misses you.
You hit the goblin.
The goblin is heavily wounded.
You hit Robin.
Robin laughs in a distinctly smug fashion.
Robin throws the goblin at you! You block the goblin's attack.
You block Robin's attack. The goblin barely misses you.
Robin hits you but does no damage.
Unknown command.
You closely miss Robin.
Robin is severely wounded.
You barely miss the goblin. You block Robin's attack.
Robin says, "Duck!"
Robin hits you with a +3 dagger of speed.
* * * LOW HITPOINT WARNING * * *
The goblin hits you with a +0 dagger.
* * * LOW HITPOINT WARNING * * *
Robin hits you but does no damage.
You hit Robin.
Robin is severely wounded.
You barely miss the goblin. Robin hits you but does no damage.
You block the goblin's attack.
Robin hits you with a +3 dagger of speed.
You die...

.[. ..####
...#.. ..#.#
## ..#.# ..
#.#.###.##
#.#......#
####<#.).#..#.
#..g@g.)......
#.##.#)#.##...
# #........ .
......#..#..
###...........
#####.###...
.# .. .#


You could see Robin (fast) and a goblin (strong).

Vanquished Creatures
  2 dart slugs (D:1)
  4 endoplasms (D:1)
  A giant cockroach (D:1)
  11 goblins
  A hobgoblin (D:2)
  4 jackals (D:1)
  2 quokkas (D:1)
  3 ball pythons (D:1)
  2 bats (D:1)
  A frilled lizard (D:1)
  3 kobolds (D:1)
  4 rats (D:1)
38 creatures vanquished.

Vanquished Creatures (others)
  A fungus (D:1)
  A plant (D:1)
2 creatures vanquished.

Grand Total: 40 creatures vanquished

Notes
Turn   | Place    | Note
-------+----------+-------------------------------------------
     0 | D:1      | bande the Gargoyle Fighter began the quest for the Orb.
     0 | D:1      | Reached XP level 1. HP: 14/14 MP: 1/1
    96 | D:1      | Reached XP level 2. HP: 19/19 MP: 2/2
   571 | D:1      | Found a faded altar of an unknown god.
   844 | D:1      | Reached XP level 3. HP: 22/24 MP: 3/3
  1412 | D:2      | Noticed Robin
  1426 | D:2      | Slain by Robin

Illustrated notes

Levels and vault maps discovered:
D:1:      shiori_shiawase, layout_basic,
          shapermc_ecumenical_altar_mp_urbaneastern, serial_bayou_crossing
D:2:      layout_basic, minmay_crystal_room, uniq_robin, uniq_jessica,
          uniq_sigmund

Skill      XL: |  1  2 |
---------------+-------+-----
Axes           | 2 |  2.3
Fighting       | |  3.8
Armour         | |  3.8
Shields        | |  3.6

Action                   || total
-------------------------++-------
Melee: War axe           ||    78
  Use: Scroll            ||     2
Armor: Scale mail        ||    60
Dodge: Dodged            ||    47
Block: Buckler           ||    24

Table legend: (Time is in decaauts)
 A = Elapsed time spent in this place.
 B = Non-inter-level travel time spent in this place.
 C = Inter-level travel time spent in this place.
 D = Time resting spent in this place.
 E = Time spent auto-exploring this place.
 F = Levels seen in this place.
 G = Mean time per level.
                   A        B        C        D        E       F      G
               +--------+--------+--------+--------+--------+-----+--------+
         Total |   1466 |   1454 |     12 |    268 |   1001 |   2 |  733.0 |
       Dungeon |   1466 |   1454 |     12 |    268 |   1001 |   2 |  733.0 |
               +--------+--------+--------+--------+--------+-----+--------+

Top non-repeatable levels by time:
     D:1: 1424 daAuts
     D:2: 42 daAuts
